 Dungeon Crawl Stone Soup version 0.28.0 (webtiles) character file.

Game seed: 16072668943447787920

60 trckry the Conjurer (level 3, -4/26 HPs)
             Began as a Draconian Conjurer on Feb 8, 2022.
             Was a Follower of Cheibriados.
             Slain by a scorpion (6 damage)
             ... on level 3 of the Dungeon.
             The game lasted 00:05:48 (2262 turns).

trckry the Conjurer (Draconian Conjurer)            Turns: 2262, Time: 00:05:48

Health: -4/26      AC:  5    Str: 12    XL:     3   Next: 82%
Magic:  0/6        EV: 12    Int: 23    God:    Cheibriados [*.....]
Gold:   50         SH:  0    Dex: 12    Spells: 4/7 levels left

rFire   . . .      SeeInvis .   c - +0 dagger (freeze)
rCold   . . .      Faith    .   (no shield)
rNeg    . . .      Spirit   .   (armour unavailable)
rPois   +          Reflect  .   (helmet restricted)
rElec   .          Harm     .   (no cloak)
rCorr   .          Rampage  .   (no gloves)
Will    .....                   (no boots)
Stlth   ++........              (no amulet)
HPRegen 0.08/turn               i - ring of poison resistance
MPRegen 0.10/turn               (no ring)

@: very slow
A: AC +5, unfitting armour, cold-blooded
a: Renounce Religion, Bend Time


You were on level 3 of the Dungeon.
You worshipped Cheibriados.
Cheibriados was aware of your devotion.
You visited 1 branch of the dungeon, and saw 3 of its levels.

You collected 50 gold pieces.

Inventory:

Hand Weapons
 c - a +0 dagger of freezing (weapon)
Jewellery
 i - a ring of poison resistance (left hand)
Scrolls
 b - 3 scrolls of identify {unknown}
 e - a scroll of silence {unknown}
 g - a scroll of noise {unknown}
Potions
 a - 2 potions of heal wounds {unknown}
 d - a potion of curing {unknown}
 f - a potion of flight {unknown}
 h - a potion of haste {unknown}
 j - a potion of resistance {unknown}


   Skills:
 - Level 2.0 Dodging
 - Level 2.0 Stealth
 + Level 2.5 Spellcasting
 * Level 4.8 Conjurations
 * Level 1.2 Invocations


You had 4 spell levels left.
You knew the following spells:

 Your Spells              Type           Power      Damage    Failure   Level
a - Magic Dart            Conj           100%       1d8       1%          1
b - Searing Ray           Conj           50%        2d6       2%          2

Your spell library contained the following spells:

 Spells                   Type           Power      Damage    Failure   Level
 Dazzling Flash           Conj/Hex       26%        N/A       14%         3
 Fulminant Prism          Conj/Hex       6%         3d7       41%         4
 Iskenderun's Mystic Bla  Conj/Tloc      13%        2d5       41%         4


Dungeon Overview and Level Annotations

Branches:
Dungeon (3/15)

Altars:
Cheibriados
Beogh

Shops:
D:1 !


Innate Abilities, Weirdness & Mutations

Your plain brown scales are hard. (AC +5)
You cannot fit into any form of body armour.
You are cold-blooded and may be slowed by cold attacks.


Message History

Aiming: Searing Ray (safe; 2% risk of failure)
Press: ? - help, Shift-Dir - straight line, f/p - scorpion
Aim: a scorpion (heavily wounded, 79% to hit)
The searing ray hits the scorpion.
The scorpion is heavily wounded. (Press . to maintain the ray.)
The searing ray misses the scorpion.
You hit the scorpion. You freeze the scorpion.
The scorpion is severely wounded.
The scorpion barely misses you. The scorpion stings you.
You hit the scorpion. You freeze the scorpion.
The scorpion is almost dead.
The scorpion barely misses you.
You completely miss the scorpion.
The scorpion is almost dead.
The scorpion stings you!
You closely miss the scorpion.
The scorpion is severely wounded.
The scorpion stings you but does no damage.
You hit the scorpion. You freeze the scorpion.
The scorpion is almost dead.
The scorpion completely misses you.
You barely miss the scorpion.
Your tail-slap misses the scorpion.
The scorpion is almost dead.
The scorpion stings you. The scorpion barely misses you.
You hit the scorpion but do no damage.
The scorpion is almost dead.
The scorpion stings you.
* * * LOW HITPOINT WARNING * * *
Casting: Searing Ray (safe; 2% risk of failure)
Confirm with . or Enter, or press ? or * to list all spells.
Aiming: Magic Dart (safe; 1% risk of failure)
Press: ? - help, Shift-Dir - straight line, f/p - scorpion
Aim: a scorpion (almost dead, 100% to hit)
The magic dart hits the scorpion but does no damage.
The scorpion is almost dead.
The scorpion stings you.
* * * LOW HITPOINT WARNING * * *
The scorpion stings you.
You die...

###........###.#.....<
#..........###.#......
#.#.#..<...'.#.#......
...........#.#.......#
..#.#.#####..........#
.............#.#.#..#
.##.....#.........##
..#####.....#...#.#.#.
.......@s...#.........
######......#.#.#.#.#.
#......#.........
#........#.#.#.#
#.......... ..
#..........
#..........
#..........


You could see a scorpion.

Vanquished Creatures
  3 adders (D:2)
  A worm (D:2)
  A dart slug (D:1)
  2 ball pythons (D:1)
  5 endoplasms
  3 giant cockroaches (D:1)
  2 goblins (D:1)
  A hobgoblin (D:1)
  A quokka (D:1)
  2 frilled lizards
  4 kobolds
  5 rats
30 creatures vanquished.

Notes
Turn   | Place    | Note
-------+----------+-------------------------------------------
     0 | D:1      | trckry the Draconian Conjurer began the quest for the Orb.
     0 | D:1      | Reached XP level 1. HP: 14/14 MP: 3/3
   442 | D:1      | Found Zugune's Distillery.
   480 | D:1      | Reached XP level 2. HP: 20/20 MP: 1/5
   597 | D:1      | Learned a level 2 spell: Searing Ray
  1207 | D:1      | Found a faded altar of an unknown god.
  1221 | D:1      | Prayed at the altar of an unknown god.
  1221 | D:1      | Became a worshipper of Cheibriados the Contemplative
  1221 | D:1      | Reached * piety under Cheibriados
  1596 | D:2      | Reached XP level 3. HP: 26/26 MP: 2/6
  1744 | D:2      | Reached skill level 1 in Invocations
  2036 | D:2      | Identified the +5 short sword of the Devouring Vulture
                  | {pain, rC+ Int+7}
  2248 | D:3      | Noticed a scorpion
  2261 | D:3      | HP: 2/26 [scorpion (4)]
  2262 | D:3      | Slain by a scorpion

Illustrated notes

Levels and vault maps discovered:
D:1:      lightli_arrival_windingriver, layout_loops_corners, serial_shops,
          nicolae_shop_advertising_works [nicolae_subvault_shop_adworks],
          hellmonk_ecumenical_altar_defaced_shrine
D:2:      layout_loops_ring
D:3:      layout_basic, demons_altar, trog_hazing_becter, serial_glass,
          glass_columns_b, glass_columns_c, glass_columns_c, glass_columns_a,
          glass_columns_a, minmay_lizard_king

Skill      XL: |  1  2  3 |
---------------+----------+-----
Stealth        | 2 |  2.0
Dodging        | 2 |  2.0
Invocations    | 1 |  1.2
Spellcasting   | |  2.5
Conjurations   | |  4.8

Action                   || total
-------------------------++-------
Melee: Dagger            ||     9
       Tailslap          ||     1
 Cast: Magic Dart        ||    62
       Searing Ray       ||     5
Armor: Skin              ||     5
Dodge: Dodged            ||    14
